 Dungeon Crawl Stone Soup version 0.27-a0-1051-g288ea87c7c (webtiles) character file.

Game seed: 4420365453930182200

138 porpoise the Stinger (level 5, 0/38 HPs)
             Began as a Formicid Venom Mage on Apr 20, 2021.
             Slain by a kobold brigand
             ... wielding a +0 whip
              (9 damage)
             ... on level 3 of the Dungeon.
             The game lasted 00:10:35 (3390 turns).

porpoise the Stinger (Formicid Venom Mage)          Turns: 3390, Time: 00:10:35

Health: 0/38       AC:  2    Str: 18    XL:     5   Next: 45%
Magic:  8/8        EV: 12    Int: 16    God:
Gold:   175        SH:  0    Dex: 11    Spells: 2/8 levels left

rFire    . . .     SeeInvis +   a - +1 mace (holy)
rCold    . . .     Faith    .   (no shield)
rNeg     . . .     Spirit   .   c - +0 robe
rPois    .         Reflect  .   (helmet unavailable)
rElec    .         Harm     .   (no cloak)
rCorr    .         Rampage  .   (no gloves)
Will     .....                  (no boots)
Stlth    ++........             (no amulet)
HPRegen  0.12/turn              i - +6 ring of strength
MPRegen  0.11/turn              (no ring)

@: lethally poisoned (0 -> -3)
A: permanent stasis, dig shafts and tunnels, antennae 3, four strong arms
a: Dig, Shaft Self


You were on level 3 of the Dungeon.
You visited 1 branch of the dungeon, and saw 3 of its levels.

You collected 175 gold pieces.

Inventory:

Hand Weapons
 a - a +1 mace of holy wrath (weapon)
Missiles
 b - 69 stones
 g - 4 boomerangs (quivered)
Armour
 c - a +0 robe (worn)
Jewellery
 i - a +6 ring of strength (left hand)
Scrolls
 f - 2 scrolls of immolation {unknown}
 h - a scroll of identify {unknown}
Potions
 e - a potion of lignification {unknown}
 j - a potion of cancellation {unknown}


   Skills:
 - Level 2.0 Fighting
 - Level 1.7 Dodging
 - Level 2.4 Stealth
 - Level 2.1 Spellcasting
 + Level 3.3 Transmutations
 + Level 5.7 Poison Magic


You had 2 spell levels left.
You knew the following spells:

 Your Spells              Type           Power      Damage    Failure   Level
a - Sting                 Tmut/Pois      64%        1d6       3%          1
i - Ignite Poison         Fire/Tmut/Pois 11%        N/A       17%         3
v - Poisonous Vapours     Pois/Air       20%        N/A       10%         2

Your spell library contained the following spells:

 Spells                   Type           Power      Damage    Failure   Level
 Olgreb's Toxic Radiance  Pois           20%        N/A       19%         4
 Mephitic Cloud           Conj/Pois/Air  7%         N/A       28%         3


Dungeon Overview and Level Annotations

Branches:
Dungeon (3/15)

Altars:


Innate Abilities, Weirdness & Mutations

You cannot be hasted, slowed, berserked, paralysed or teleported.
You can dig through walls and to a lower floor.
You have a pair of large antennae on your head. (SInv)
Your four strong arms can wield two-handed weapons with a shield.


Message History

Magic restored.
You start resting.
HP restored.
You start waiting.
Done waiting.
You start waiting.
Done waiting.
You now have 175 gold pieces (gained 4).
Found a stone staircase leading up.
You sense a monster nearby.
A kobold brigand comes into view.
It is wielding a +0 whip and quivering curare-tipped darts.
The kobold brigand throws a curare-tipped dart.
The curare-tipped dart hits you.
You are poisoned.
You have difficulty breathing.
Your stasis prevents you from being slowed.
It was a potion of curing.
You feel better.
The kobold brigand throws a curare-tipped dart.
The curare-tipped dart hits you.
You are poisoned.
You have difficulty breathing.
Your stasis prevents you from being slowed.
You feel sick.
The kobold brigand throws a curare-tipped dart.
The curare-tipped dart hits you.
You are more poisoned.
You have difficulty breathing.
Your stasis prevents you from being slowed.
You feel very sick.
You barely miss the kobold brigand.
You feel sick. The kobold brigand closely misses you.
You miss the kobold brigand.
You feel sick.
The kobold brigand hits you with a +0 whip.
* * * LOW HITPOINT WARNING * * *
The kobold brigand barely misses you.
You thump the kobold brigand!
The kobold brigand is moderately wounded.
You feel sick.
The kobold brigand hits you with a +0 whip!
You die...

#.. #.# ..# # #
#.# #.#
#.###.###...##
............
#.........
#..##..##.#
#..@K......
#.###...#.# #.#
.....
#.#####.#####.###
#.............#
######...####.#
######## ##..#..#
.......##
#..###....
#####.#.###...#
.####


You could see a kobold brigand.

Vanquished Creatures
  Jessica (D:2)
  Natasha (D:3)
  2 adders (D:2)
  A gnoll (D:1)
  2 worms
  A dart slug (D:2)
  3 orcs (D:2)
  2 endoplasms
  3 giant cockroaches (D:1)
  4 goblins
  4 hobgoblins (D:1)
  8 jackals
  2 quokkas
  A bat (D:1)
  3 frilled lizards (D:1)
  8 kobolds
  A rat (D:1)
47 creatures vanquished.

Notes
Turn   | Place    | Note
-------+----------+-------------------------------------------
     0 | D:1      | porpoise the Formicid Venom Mage began the quest for the
                  | Orb.
     0 | D:1      | Reached XP level 1. HP: 13/13 MP: 3/3
   267 | D:1      | Reached XP level 2. HP: 16/20 MP: 0/5
   450 | D:1      | Reached skill level 1 in Fighting
   469 | D:1      | Found a faded altar of an unknown god.
   628 | D:1      | Learned a level 2 spell: Poisonous Vapours
   760 | D:1      | Reached XP level 3. HP: 26/26 MP: 3/6
   764 | D:1      | Learned a level 3 spell: Ignite Poison
  1760 | D:1      | Reached XP level 4. HP: 28/33 MP: 5/7
  2106 | D:2      | Reached skill level 5 in Poison Magic
  2413 | D:2      | Noticed Jessica
  2415 | D:2      | Killed Jessica
  2416 | D:2      | Reached XP level 5. HP: 31/38 MP: 8/8
  2967 | D:3      | Noticed Natasha
  2973 | D:3      | Killed Natasha
  3383 | D:3      | Noticed a kobold brigand
  3390 | D:3      | Slain by a kobold brigand

Illustrated notes

Levels and vault maps discovered:
D:1:      dpeg_arrival_brainrot, layout_loops_cross,
          hellmonk_ecumenical_altar_pennies_from_heaven
D:2:      layout_loops_corners, minmay_goblin_kobold_house, uniq_jessica
D:3:      layout_loops_ring, lemuel_doored_altar,
          nicolae_overflow_crystal_walls, old_standard_altar,
          gammafunk_ghost_gnarly_gnolls, grunt_ministairs_14, uniq_natasha

Skill      XL: |  1  2  3  4 |
---------------+-------------+-----
Fighting       | 1 2 |  2.0
Transmutations | 2 3 |  3.3
Poison Magic   | 5 |  5.7
Dodging        | |  1.7
Stealth        | |  2.4
Spellcasting   | |  2.1

Action                   |  1- 3 |  4- 6 || total
-------------------------+-------+-------++-------
Melee: Unarmed           |    21 |       ||    21
       Dagger            |     6 |       ||     6
       Mace              |    15 |    35 ||    50
Throw: Boomerang         |       |     5 ||     5
 Cast: Sting             |    40 |    12 ||    52
       Poisonous Vapours |     1 |     4 ||     5
  Use: Potion            |       |     1 ||     1
 Stab: Sleeping          |     2 |     1 ||     3
Armor: Robe              |    11 |     5 ||    16
Dodge: Dodged            |    35 |    33 ||    68

Table legend: (Time is in decaauts)
 A = Elapsed time spent in this place.
 B = Non-inter-level travel time spent in this place.
 C = Inter-level travel time spent in this place.
 D = Time resting spent in this place.
 E = Time spent auto-exploring this place.
 F = Levels seen in this place.
 G = Mean time per level.
                   A        B        C        D        E       F      G
               +--------+--------+--------+--------+--------+-----+--------+
         Total |   3413 |   3367 |     46 |   1491 |   1508 |   3 | 1137.7 |
       Dungeon |   3413 |   3367 |     46 |   1491 |   1508 |   3 | 1137.7 |
               +--------+--------+--------+--------+--------+-----+--------+

Top non-repeatable levels by time:
     D:1: 1562 daAuts
     D:2: 1425 daAuts
     D:3: 425 daAuts
